 Zot Defence DCSS version 0.15.2 (webtiles) character file.

26623 equalderp2856 the Ripper (level 13, -4/8 (67) HPs)
             Began as a Felid Fighter on Nov 16, 2016.
             Slain by a death yak (12 damage)
             ... in the Realm of Zot (Scenario I: Hall of Zot).
             The game lasted 00:07:34 (4994 turns).

equalderp2856 the Ripper (Felid Fighter)            Turns: 4994, Time: 00:07:34

HP  -4/8 (67)    AC  3     Str 14      XL: 13   Next:  0%
MP  20/20        EV 26     Int 11      God:
Gold 0           SH  0     Dex 17      Spells:  0 memorised, 12 levels left
Lives: 0, deaths: 2

rFire  . . .     SeeInvis +       - Unarmed
rCold  + . .     Clarity  .     (armour unavailable)
rNeg   . . .     rCorr    .     (shield unavailable)
rPois  .         rRot     .     (helmet unavailable)
rElec  .         Spirit   .     (cloak unavailable)
SustAb .         Warding  .     (gloves unavailable)
rMut   .         Stasis   .     (boots unavailable)
Gourm  .                        (no amulet)
MR     +....                    (no ring)
                                (no ring)

@: quick, somewhat resistant to hostile enchantments, unstealthy
A: paw claws, no armour, no weapons or thrown items, fangs 3, see invisible,
carnivore 3, speed 1, shaggy fur 3, slow metabolism 1, jump 3
a: Make oklob sapling, Make arrow trap, Make plant, Remove Curse, Make burning
bush, Make altar, Make grenades, Make oklob plant, Make net trap, Make ice
statue, Make spear trap, Make alarm trap, Make mushroom circle, Make bolt trap,
Jump Attack


You were in the Realm of Zot.
You were not hungry.

You visited 1 branch

Inventory:

Comestibles
 f - a meat ration
Scrolls
 k - a scroll of blinking
Potions
 d - 3 potions of curing
 e - a potion of might
 g - a potion of heal wounds
 h - a potion of haste
 i - 2 potions of magic
 j - a potion of berserk rage


   Skills:
 + Level 14.1 Fighting
 + Level 10.4 Dodging
 + Level 19.7 Unarmed Combat


You had 12 spell levels left.
You didn't know any spells.

Dungeon Overview and Level Annotations

Branches:
    Zot (1/1)

Altars:


Innate Abilities, Weirdness & Mutations

You cannot wear armour.
You are incapable of wielding weapons or throwing items.
Your paws have sharp claws.
You have razor-sharp teeth.
You have supernaturally acute eyesight.
You are carnivorous and can eat meat at any time.
You cover ground quickly.
Your thick and shaggy fur keeps you warm (AC +3, rC+).
You have a slow metabolism.
You can jump attack at a long distance.


Message History

The death yak misses you. x2
The death yak closely misses you.
Your flesh rots away as the Orb of Zot is desecrated.
Unknown command.
You barely miss the black mamba.
Your flesh rots away as the Orb of Zot is desecrated. x2
Your punch misses the black mamba.
Your flesh rots away as the Orb of Zot is desecrated. x3
The death yak completely misses you. The death yak closely misses you.
Your flesh rots away as the Orb of Zot is desecrated.
Your flesh rots away as the Orb of Zot is desecrated.
You claw the black mamba!
Your flesh rots away as the Orb of Zot is desecrated.
The black mamba begins to bleed from its wounds!
The black mamba is heavily wounded.
The red ugly thing is no longer bleeding.
Your flesh rots away as the Orb of Zot is desecrated.
The brown ugly thing barely misses you. The death yak gores you!
Ouch! That really hurt!
You die...

▓▓▓▓▓▓▓▓▓ ▓▓▓▓▓▓▓ .....▓▓▓▓
▓▓▓▓... ........▓▓▓ ▓▓▓......
..........▓▓ ▓▓........
...........▓ ▓▓▓▓▓▓▓▓▓ ▓.........
...........▓▓▓.......▓▓▓.........
...........▓▓.........▓▓.........
...........▓...Yu......▓.........
..........eOuYYc@S...............
...........▓...YY......▓.........
...........▓▓...u.....▓▓.........
u..........▓▓▓.......▓▓▓.........
...........# ▓▓▓▓▓▓▓▓▓ #.........
)u..Y.e...## ##........
.Y......### ###...... .....####
####... ########## ########


You could see 5 death yaks, 3 ugly things, a yaktaur, a black mamba (bleeding),
a two-headed ogre and a deep elf priest.

Vanquished Creatures
  A greater naga (Zot)
  3 very ugly things (Zot)
  An ogre mage (Zot)
  A naga warrior (Zot)
  18 death yaks (Zot)
  A shock serpent (Zot)
  A hill giant (Zot)
  3 deep elf conjurers (Zot)
  A griffon (Zot)
  A torpor snail (Zot)
  14 ugly things (Zot)
  3 black mambas (Zot)
  9 yaktaurs (Zot)
  A freezing wraith (Zot)
  A two-headed ogre (Zot)
  5 slime creatures (Zot)
  A vampire (Zot)
  4 yaks (Zot)
  A deep elf mage (Zot)
  A deep elf fighter (Zot)
  A hippogriff (Zot)
  An ice beast (Zot)
73 creatures vanquished.

Vanquished Creatures (others)
  2 large abominations (Zot)
  A snapping turtle (Zot)
  A small abomination (Zot)
4 creatures vanquished.

Grand Total: 77 creatures vanquished

Notes
Turn   | Place    | Note
--------------------------------------------------------------
     0 | Zot      | equalderp2856, the Felid Fighter, began the quest for the Orb.
     0 | Zot      | Reached XP level 1. HP: 10/10 MP: 2/2
  4259 | Zot      | Noticed a death yak
  4261 | Zot      | Noticed a death yak
  4261 | Zot      | Noticed a death yak
  4262 | Zot      | Noticed a death yak
  4262 | Zot      | Noticed a death yak
  4262 | Zot      | Noticed a death yak
  4262 | Zot      | Noticed a death yak
  4263 | Zot      | Noticed a death yak
  4263 | Zot      | Noticed a death yak
  4282 | Zot      | Noticed a death yak
  4284 | Zot      | Noticed a death yak
  4288 | Zot      | Noticed a death yak
  4294 | Zot      | Noticed a death yak
  4297 | Zot      | Noticed a death yak
  4297 | Zot      | Noticed a death yak
  4297 | Zot      | Noticed a death yak
  4298 | Zot      | Noticed a death yak
  4358 | Zot      | Killed a death yak
  4358 | Zot      | Reached skill level 5 in Fighting
  4358 | Zot      | Reached skill level 6 in Dodging
  4358 | Zot      | Reached skill level 8 in Unarmed Combat
  4358 | Zot      | Reached XP level 2. HP: 12/16 MP: 3/3
  4358 | Zot      | Reached XP level 3. HP: 15/20 MP: 5/5
  4358 | Zot      | Reached XP level 4. HP: 18/24 MP: 7/7
  4358 | Zot      | Reached XP level 5. HP: 20/27 MP: 8/8
  4358 | Zot      | Gained mutation: You are covered in thick fur (AC +2). [growing up]
  4358 | Zot      | Gained mutation: You can jump attack at a medium distance. [growing up]
  4358 | Zot      | Reached XP level 6. HP: 22/31 MP: 10/10
  4358 | Zot      | Reached XP level 7. HP: 24/34 MP: 12/12
  4358 | Zot      | Reached XP level 8. HP: 26/38 MP: 13/13
  4361 | Zot      | Noticed a death yak
  4374 | Zot      | Killed a death yak
  4374 | Zot      | Reached skill level 10 in Unarmed Combat
  4374 | Zot      | Reached XP level 9. HP: 29/42 MP: 15/15
  4378 | Zot      | Noticed a death yak
  4383 | Zot      | Noticed a death yak
  4391 | Zot      | Killed a death yak
  4391 | Zot      | Reached skill level 11 in Unarmed Combat
  4394 | Zot      | Noticed a death yak
  4394 | Zot      | Noticed a death yak
  4394 | Zot      | Noticed a death yak
  4395 | Zot      | Noticed a yak
  4407 | Zot      | Killed a death yak
  4407 | Zot      | Reached skill level 12 in Unarmed Combat
  4407 | Zot      | Reached XP level 10. HP: 36/48 MP: 17/17
  4426 | Zot      | Killed a death yak
  4429 | Zot      | Killed a death yak
  4429 | Zot      | Reached skill level 13 in Unarmed Combat
  4431 | Zot      | Noticed a cyan very ugly thing
  4432 | Zot      | Noticed a cyan ugly thing
  4438 | Zot      | Killed a death yak
  4438 | Zot      | Reached XP level 11. HP: 43/53 MP: 18/18
  4440 | Zot      | Noticed a death yak
  4441 | Zot      | Killed a yak
  4453 | Zot      | Killed a death yak
  4453 | Zot      | Reached skill level 14 in Unarmed Combat
  4456 | Zot      | Noticed a death yak
  4469 | Zot      | Killed a death yak
  4470 | Zot      | Noticed a death yak
  4470 | Zot      | Noticed a brown ugly thing
  4470 | Zot      | Noticed a black mamba
  4483 | Zot      | Killed a death yak
  4498 | Zot      | Killed a death yak
  4498 | Zot      | Reached skill level 10 in Fighting
  4505 | Zot      | Killed a brown ugly thing
  4505 | Zot      | Reached skill level 15 in Unarmed Combat
  4510 | Zot      | Noticed a cyan ugly thing
  4518 | Zot      | Killed a death yak
  4518 | Zot      | Gained mutation: Your thick and shaggy fur keeps you warm (AC +3, rC+). [growing up]
  4518 | Zot      | Gained mutation: You can jump attack at a long distance. [growing up]
  4518 | Zot      | Reached XP level 12. HP: 35/58 MP: 19/19
  4540 | Zot      | Killed a white ugly thing
  4542 | Zot      | Noticed a yak
  4548 | Zot      | Killed a cyan very ugly thing
  4548 | Zot      | Reached skill level 10 in Dodging
  4550 | Zot      | Noticed a brown ugly thing
  4552 | Zot      | Killed a black mamba
  4555 | Zot      | Noticed a black mamba
  4560 | Zot      | Killed a death yak
  4560 | Zot      | Reached skill level 16 in Unarmed Combat
  4564 | Zot      | Noticed a deep elf conjurer
  4570 | Zot      | Killed a death yak
  4572 | Zot      | Noticed a yak
  4576 | Zot      | Killed a yak
  4577 | Zot      | Noticed a hill giant
  4577 | Zot      | Noticed a brown ugly thing
  4587 | Zot      | Killed a cyan ugly thing
  4589 | Zot      | Noticed a deep elf conjurer
  4592 | Zot      | Killed a red ugly thing
  4599 | Zot      | Killed a deep elf conjurer
  4605 | Zot      | Killed a yak
  4608 | Zot      | Noticed Urunougo
  4615 | Zot      | Noticed a green very ugly thing
  4623 | Zot      | Killed a black mamba
  4630 | Zot      | Killed a brown ugly thing
  4633 | Zot      | Killed a deep elf conjurer
  4633 | Zot      | Reached skill level 17 in Unarmed Combat
  4633 | Zot      | Reached XP level 13. HP: 55/64 MP: 20/20
  4640 | Zot      | Killed Urunougo the torpor snail
  4644 | Zot      | Noticed a yak
  4651 | Zot      | Killed a green very ugly thing
  4656 | Zot      | Killed a hill giant
  4673 | Zot      | Noticed a griffon
  4683 | Zot      | Killed a yak
  4732 | Zot      | Noticed Unadic
  4734 | Zot      | Killed a griffon
  4735 | Zot      | Noticed a red very ugly thing
  4740 | Zot      | Reached skill level 18 in Unarmed Combat
  4762 | Zot      | Killed Unadic the ogre mage
  4803 | Zot      | Killed a red very ugly thing
  4803 | Zot      | Reached XP level 14. HP: 19/70 MP: 21/21
  4812 | Zot      | Noticed a cyan ugly thing
  4812 | Zot      | Noticed a deep elf conjurer
  4822 | Zot      | Killed a death yak
  4839 | Zot      | Killed a death yak
  4854 | Zot      | Killed a cyan ugly thing
  4854 | Zot      | Reached skill level 19 in Unarmed Combat
  4857 | Zot      | Killed a deep elf conjurer
  4869 | Zot      | Noticed Tyuschum
  4918 | Zot      | Killed from afar by a deep elf priest
  4919 | Zot      | Reached XP level 13. HP: -1/67 MP: 20/20
  4950 | Zot      | Killed Tyuschum the greater naga
  4965 | Zot      | HP: 1/67 [deep elf priest/divine providence (11)]
  4967 | Zot      | Succumbed to a naga warrior's splash of poison
  4968 | Zot      | Reached XP level 12. HP: 0/64 MP: 19/19
  4986 | Zot      | Killed a death yak
  4991 | Zot      | Killed a death yak
  4991 | Zot      | Reached XP level 13. HP: 19/22 MP: 20/20
  4994 | Zot      | Slain by a death yak

Action                   |  1- 3 |  4- 6 |  7- 9 | 10-12 | 13-15 || total
-------------------------+-------+-------+-------+-------+-------++-------
Melee: Unarmed           |    59 |       |    45 |   222 |   274 ||   600
